 Dungeon Crawl Stone Soup version 0.22-a0-268-g1cc83ef (webtiles) character file.

104706 kuniqs the Protected (level 15, -3/144 HPs)
             Began as a Deep Dwarf Fighter on Mar 9, 2018.
             Was the Champion of Makhleb.
             Killed from afar by Nikola (27 damage)
             ... with a chain lightning
             ... on level 1 of the Spider Nest.
             The game lasted 00:40:48 (20926 turns).

kuniqs the Protected (Deep Dwarf Fighter)          Turns: 20926, Time: 00:40:49

Health: -3/144     AC: 26    Str: 26    XL:     15   Next: 92%
Magic:  10/10      EV: 13    Int:  9    God:    Makhleb [******]
Gold:   2914       SH: 20    Dex: 12    Spells: 14/14 levels left

rFire    + + .     SeeInvis .   t - +8 war axe (elec)
rCold    . . .     Gourm    .   r - +0 large shield
rNeg     + . .     Faith    .   g - +3 chain mail {rF+}
rPois    .         Spirit   .   u - +1 helmet
rElec    .         Reflect  .   W - +2 cloak {rF+}
rCorr    .         Harm     .   i - +0 pair of gloves
MR       +++..                  V - +1 pair of boots {Stlth+}
Stlth    ..........             (no amulet)
HPRegen  0.00/turn              K - ring of protection from magic
MPRegen  0.12/turn              J - +2 ring of slaying

@: lethally poisoned (-3 -> -15), non-regenerating
A: damage resistance, heal wounds, negative energy resistance 1, sense
surroundings 2, no regeneration
a: Heal Wounds, Minor Destruction, Lesser Servant of Makhleb, Major Destruction,
Greater Servant of Makhleb, Renounce Religion


You were on level 1 of the Spider Nest.
You worshipped Makhleb.
Makhleb was exalted by your worship.
You were hungry.

You visited 4 branches of the dungeon, and saw 24 of its levels.
You also visited: Ossuary, Bailey, Ice Cave and Volcano.

You collected 3050 gold pieces.
You spent 136 gold pieces at shops.

Inventory:

Hand Weapons
 t - a +8 war axe of electrocution (weapon)
Armour
 g - a +3 chain mail of fire resistance (worn)
 i - a +0 pair of gloves (worn)
 r - a +0 large shield (worn)
 u - a +1 helmet (worn)
 V - a +1 pair of boots of stealth (worn)
 W - a +2 cloak of fire resistance (worn)
Jewellery
 J - a +2 ring of slaying (right hand)
 K - a ring of protection from magic (left hand)
Wands
 c - a wand of paralysis (29)
 k - a wand of digging (7)
 y - a wand of flame (63)
 A - a wand of iceblast (6)
 I - a wand of polymorph (63)
 P - a wand of random effects (35)
 R - a wand of acid (17)
Scrolls
 e - 6 scrolls of enchant armour
 h - 3 scrolls of identify {@r1}
 j - 7 scrolls of remove curse {@r2}
 l - 4 scrolls of blinking
 m - 5 scrolls of fear
 v - 3 scrolls of immolation
 x - 15 scrolls of teleportation
 C - 4 scrolls of magic mapping
 G - 3 scrolls of fog
 M - 2 scrolls of silence
 O - 2 scrolls of summoning
 Q - a scroll of brand weapon
 U - a scroll of holy word
Potions
 d - 4 potions of might
 n - a potion of mutation
 p - 4 potions of cancellation
 s - 8 potions of resistance
 w - 4 potions of lignification
 z - 4 potions of curing {@q1}
 B - 7 potions of heal wounds
 D - a potion of invisibility
 E - 3 potions of agility
 F - 4 potions of flight
 L - a potion of ambrosia
 N - 3 potions of berserk rage
 T - 2 potions of haste
Comestibles
 a - 3 chunks of flesh
 f - 49 rations


   Skills:
 + Level 12.1 Fighting
 + Level 13.8 Axes
 + Level 14.1 Armour
 + Level 13.8 Dodging
 + Level 14.0 Shields
 - Level 6.0 Invocations


You had 14 spell levels left.
You didn't know any spells.

Dungeon Overview and Level Annotations

Branches:
Dungeon (15/15)            Temple (0/1) D:5            Lair (6/6) D:11
 Shoals (0/4) Lair:3       Spider (1/4) Lair:4        Slime (0/5) Lair:6
    Orc (2/2) D:12            Elf (0/3) Orc:2        Vaults (0/5) D:13
 Depths (0/5) D:15

Altars:
Cheibriados
Dithmenos
Elyvilon
Fedhas
Gozag
Makhleb
Qazlal
Xom
Zin
Beogh
Jiyva

Shops:
D:4 ?   D:6 %   D:11 *(%([   D:13 (   D:14 [   Orc:2 *:*}

Annotations:
Spider:1 Nikola


Innate Abilities, Weirdness & Mutations

You are resistant to damage.
You can heal yourself by infusing magical energy.
You resist negative energy. (rN+)
You passively map the area around you.
You do not regenerate.


Message History

You slash Nikola!
You feel very sick. Nikola asks, "Are you insulated?"
Nikola casts a spell at you. The bolt of lightning hits you!
The bolt of lightning misses you.
The bolt of lightning hits the demonic crawler.
The demonic crawler resists.
The demonic crawler barely misses you.
The demonic crawler hits you but does no damage.
You block the demonic crawler's attack.
Your chain mail prevents you from hitting Nikola.
You slash the demonic crawler!
You feel very sick.
Nikola casts a spell.
You hear a mighty clap of thunder!
The lightning arc hits you!
* * * LOW HITPOINT WARNING * * *
The lightning arc hits Nikola.
The lightning arc hits the demonic crawler.
The demonic crawler resists.
The lightning arc hits you!
You die...

* ,
.*###≈##...#.(.#........
..#...#...##............
, * *
......###.........######
,,, ,
,......#...^...#.......,
##...##......##...... ,
, #.$.s...†.^#.)#..#####
*
..#≈###s.ss#.#†.##.....#
*
...≈..†@#..##≈...≈..?.##
,*
#####.s@#....##..###...#
*, **
#......##.....#^...#####
,,
.......#..#..###^.....#.
* *
.....###..#....#..#..##.
, #>..#
...#....#..#..... *
....* *##.#..... ..#, *
, #≈#..#.# , , *..≈ ,
,,* , #..^.### * ≈ *
##.(.. #


You could see Nikola, a demonic crawler and 2 orb spiders.

Vanquished Creatures
  A sphinx (D:15)
  Agnes (D:14)
  Kirke (D:12)
  An orc warlord (Orc:2)
  An emperor scorpion (Spider:1)
  An entropy weaver (Spider:1)
  Azrael (D:13)
  A yaktaur captain (D:15)
  Josephine (D:15)
  2 fire dragons
  A vault guard (D:13)
  A great orb of eyes (D:15)
  2 hydras
  An ice dragon (D:15)
  3 centaur warriors
  Erica (Lair:2)
  An ogre mage (D:15)
  7 two-headed ogres
  4 death yaks (Lair:5)
  Urug (Lair:2)
  4 orc high priests (Orc:2)
  3 skeletal warriors (D:15)
  A fire crab (D:15)
  5 unseen horrors
  A wizard (D:15)
  A swamp dragon (Lair:6)
  4 orc knights
  2 orb spiders (Spider:1)
  2 wolf spiders (Spider:1)
  2 manticores
  13 ugly things
  2 salamanders (Volcano)
  A wolf spider zombie (D:15)
  6 cyclopes
  2 deep elf magi (D:15)
  3 ice statues (IceCv)
  A torpor snail (Lair:2)
  5 elephants
  3 black mambas
  2 gargoyles
  11 spiny frogs
  8 komodo dragons
  A kobold demonologist (D:14)
  3 rime drakes
  6 trolls
  3 efreet
  4 red devils (D:13)
  3 jumping spiders (Spider:1)
  7 meliai
  A hornet (D:13)
  A polar bear (Lair:4)
  23 blink frogs
  A slime creature (D:15)
  7 dream sheep (Lair:4)
  7 hippogriffs
  5 redbacks (Spider:1)
  4 wyverns
  A spriggan (D:13)
  5 wraiths
  44 yaks
  A shadow (D:15)
  2 fire bats (Volcano)
  7 tarantellas
  4 basilisks
  6 hogs (D:12)
  Eustachio (D:5)
  3 fire elementals (D:13)
  15 wargs
  A hungry ghost (D:10)
  2 two-headed ogre zombies (D:12)
  15 water moccasins
  5 hell hounds
  3 acid dragons
  8 porcupines
  3 swamp drakes (Lair:6)
  11 ice beasts
  31 orc warriors
  A sky beast (D:8)
  2 black bears
  An eye of draining (D:15)
  A hornet zombie (D:8)
  A necrophage (D:10)
  18 ogres
  4 phantoms
  A boggart (Bailey)
  22 centaurs
  9 crocodiles
  5 wolves
  3 big kobolds
  14 bullfrogs
  3 troll zombies (D:12)
  4 killer bees
  2 scorpions
  5 wights (D:10)
  2 howler monkeys
  14 crimson imps
  2 bullfrog zombies
  9 centaur zombies
  A quasit (D:9)
  7 hounds
  49 orc priests
  5 bullfrog skeletons
  4 centaur skeletons
  5 jellies
  20 orc wizards
  4 gnoll shamans (D:11)
  15 mummies (Ossuary)
  8 iguanas
  10 worker ants
  2 killer bee zombies
  3 ogre zombies (D:12)
  A hound zombie (Ossuary)
  4 worker ant zombies
  2 howler monkey zombies
  11 gnolls
  18 adders
  4 shadow imps
  An ooze (D:1)
  4 adder zombies
  3 adder skeletons
  4 worms
  3 dart slugs
  The ghost of ThereIsNoGod the Sneak, a weakling SpVM (D:3)
  10 leopard geckos
  111 orcs
  11 bats
  4 giant cockroaches
  15 goblins
  9 hobgoblins
  13 jackals
  19 kobolds
  5 quokkas
  2 ball pythons
  15 frilled lizards
  A giant cockroach zombie (Ossuary)
  3 goblin skeletons (D:12)
  4 goblin zombies (D:12)
  A hobgoblin skeleton (D:12)
  2 hobgoblin zombies (D:12)
  A jackal zombie (Ossuary)
  A leopard gecko zombie (Ossuary)
  4 orc skeletons (D:12)
  11 orc zombies (D:12)
  2 quokka zombies (Ossuary)
  10 rats
  3 fungi (D:11)
  2 plants
930 creatures vanquished.

Vanquished Creatures (others)
  2 two-headed ogres (Volcano)
  2 blink frogs (Lair:6)
  3 steam dragons (Lair:6)
  2 crocodiles (Lair:6)
  9 fungi
  10 plants
  2 withered plants (Ossuary)
30 creatures vanquished.

Grand Total: 960 creatures vanquished

Notes
Turn   | Place    | Note
-------+----------+-------------------------------------------
     0 | D:1      | kuniqs the Deep Dwarf Fighter began the quest for the Orb.
     0 | D:1      | Reached XP level 1. HP: 20/20 MP: 1/1
    47 | D:1      | Reached XP level 2. HP: 25/27 MP: 2/2
   185 | D:1      | Reached skill level 1 in Dodging
   459 | D:1      | Reached XP level 3. HP: 26/33 MP: 3/3
   963 | D:2      | Reached XP level 4. HP: 42/42 MP: 4/4
  1632 | D:3      | Reached XP level 5. HP: 49/49 MP: 5/5
  1674 | D:3      | Found an opulent altar of Gozag.
  1893 | D:3      | Reached XP level 6. HP: 35/56 MP: 6/6
  1894 | D:3      | Found a stormy altar of Qazlal.
  1894 | D:3      | Found a blossoming altar of Fedhas.
  2047 | D:3      | Found a burning altar of Makhleb.
  2047 | D:3      | Found a shimmering altar of Xom.
  2075 | D:3      | Became a worshipper of Makhleb the Destroyer
  2361 | D:4      | Got a polished hunting sling
  2364 | D:4      | Identified the +6 hunting sling of Fortitude {velocity, Str+5 SInv} (You found it on level 4 of the Dungeon)
  2380 | D:4      | Noticed an ice beast
  2399 | D:4      | Killed an ice beast
  2399 | D:4      | Reached skill level 1 in Invocations
  2428 | D:4      | Reached XP level 7. HP: 45/63 MP: 8/8
  2461 | D:4      | Found a sand-covered staircase.
  2468 | Ossuary  | Entered an ossuary
  2522 | Ossuary  | Reached skill level 5 in Shields
  2529 | Ossuary  | Reached skill level 5 in Armour
  2547 | Ossuary  | Reached * piety under Makhleb
  2741 | Ossuary  | Reached XP level 8. HP: 66/73 MP: 10/10
  2825 | D:4      | Found a shadowy altar of Dithmenos.
  2999 | D:4      | Found Ynkosh's Magic Scroll Emporium.
  3008 | D:4      | Bought a scroll of identify for 20 gold pieces
  3410 | D:3      | Noticed ThereIsNoGod's ghost (weakling SpVM)
  3417 | D:3      | Killed ThereIsNoGod's ghost
  3558 | D:5      | Entered Level 5 of the Dungeon
  3584 | D:5      | Reached skill level 5 in Axes
  3623 | D:5      | Reached ** piety under Makhleb
  3640 | D:5      | Noticed Eustachio
  3645 | D:5      | Got a polished spear
  3647 | D:5      | Identified the +6 spear of Karma {elec, rElec rC+ Str+3 Dex-3} (You found it on level 5 of the Dungeon)
  3655 | D:5      | Killed Eustachio
  3822 | D:5      | Found a staircase to the Ecumenical Temple.
  3962 | D:6      | Reached skill level 5 in Fighting
  3967 | D:6      | Reached skill level 5 in Dodging
  3967 | D:6      | Reached skill level 5 in Invocations
  4058 | D:6      | Found Kiqer's Food Shop.
  4234 | D:6      | Got a jewelled long sword
  4235 | D:6      | Identified the +3 long sword of Ozathrai {venom, Fragile rElec MR+} (You found it on level 6 of the Dungeon)
  4273 | D:6      | Gained mutation: You passively map the area around you. [Deep Dwarf growth]
  4273 | D:6      | Reached XP level 9. HP: 78/81 MP: 11/11
  4418 | D:6      | Reached *** piety under Makhleb
  5040 | D:8      | Found a glowing silver altar of Zin.
  5339 | D:8      | Reached XP level 10. HP: 84/91 MP: 13/13
  5813 | D:9      | Found a white marble altar of Elyvilon.
  6510 | D:10     | Entered Level 10 of the Dungeon
  7012 | D:10     | Noticed a two-headed ogre
  7025 | D:10     | Killed a two-headed ogre
  7025 | D:10     | Reached XP level 11. HP: 100/100 MP: 13/13
  7036 | D:10     | Noticed a two-headed ogre
  7042 | D:10     | Killed a two-headed ogre
  7213 | D:11     | Found Aghecikk's Weapon Shop.
  7286 | D:11     | Found Seefemuv's Assorted Antiques.
  7290 | D:11     | Bought a scroll labeled FOL VUXZOSEN for 28 gold pieces
  7304 | D:11     | Reached **** piety under Makhleb
  7354 | D:11     | Found Gikkez's Food Shoppe.
  7360 | D:11     | Noticed a two-headed ogre
  7362 | D:11     | Killed a two-headed ogre
  7369 | D:11     | Found Pemohup's Weapon Shop.
  7444 | D:11     | Found Josuofoz's Armour Boutique.
  7723 | D:11     | Found a staircase to the Lair.
  7780 | D:11     | Found a flagged portal.
  7806 | Bailey   | Entered a bailey
  7867 | Bailey   | Reached ***** piety under Makhleb
  7931 | Bailey   | Found a burning altar of Makhleb.
  8799 | Lair:1   | Entered Level 1 of the Lair of Beasts
  9002 | Lair:1   | Reached skill level 10 in Armour
  9138 | Lair:1   | Reached XP level 12. HP: 94/112 MP: 14/14
  9252 | Lair:1   | Reached skill level 10 in Shields
  9688 | Lair:2   | Noticed Erica
  9790 | Lair:2   | Reached skill level 10 in Axes
  9880 | Lair:2   | Noticed Urug
  9899 | Lair:2   | Killed Urug
  9899 | Lair:2   | Reached skill level 10 in Dodging
 10082 | Lair:2   | Killed Erica
 10540 | Lair:3   | Got a brightly glowing pewter ring
 10542 | Lair:3   | Identified the ring of Odaxeos {Ice rN+} (You found it on level 3 of the Lair of Beasts)
 10570 | Lair:3   | Found a staircase to the Shoals.
 10651 | Lair:3   | Found a frozen archway.
 10662 | IceCv    | Entered an ice cave
 10955 | Lair:3   | Got a twisted chain mail
 10966 | Lair:3   | Identified the +2 chain mail of a Billion Places {rCorr Int+3 Dex+3 SInv} (You found it on level 3 of the Lair of Beasts)
 11330 | Lair:4   | Found a hole to the Spider Nest.
 11646 | Lair:4   | Reached ****** piety under Makhleb
 11650 | Lair:4   | Reached XP level 13. HP: 97/121 MP: 14/14
 12341 | Lair:5   | Found a dark tunnel.
 12346 | Volcano  | Entered a volcano
 12827 | Lair:5   | Reached skill level 10 in Fighting
 13198 | Lair:6   | Entered Level 6 of the Lair of Beasts
 13688 | Lair:6   | Noticed a fire dragon
 13715 | Lair:6   | Killed a fire dragon
 13715 | Lair:6   | Gained mutation: You resist negative energy. (rN+) [Deep Dwarf growth]
 13715 | Lair:6   | Reached XP level 14. HP: 124/133 MP: 15/15
 13758 | Lair:6   | Identified a scroll of acquirement
 13811 | Lair:6   | Found a staircase to the Slime Pits.
 13812 | Lair:6   | Found a viscous altar of Jiyva.
 14484 | D:12     | Noticed Kirke
 14649 | D:12     | Killed Kirke
 14734 | D:12     | Found a staircase to the Orcish Mines.
 15136 | Orc:1    | Entered Level 1 of the Orcish Mines
 15647 | Orc:1    | Found a roughly hewn altar of Beogh.
 15746 | Orc:2    | Entered Level 2 of the Orcish Mines
 15765 | Orc:2    | Found a staircase to the Elven Halls.
 16272 | Orc:2    | Found a roughly hewn altar of Beogh.
 16304 | Orc:2    | Found Ymis's General Store.
 16329 | Orc:2    | Bought a potion of mutation for 88 gold pieces
 16333 | Orc:2    | Found Rirr's Gadget Emporium.
 16426 | Orc:2    | Noticed an orc warlord
 16494 | Orc:2    | Killed an orc warlord
 16555 | Orc:2    | Found Houji's Assorted Antiques.
 16555 | Orc:2    | Found Niurgh's Book Emporium.
 17454 | D:13     | Found Duus's Antique Weapon Shop.
 17533 | D:13     | Noticed Azrael
 17560 | D:13     | Killed Azrael
 17833 | D:13     | Found a gate to the Vaults.
 18457 | D:14     | Reached XP level 15. HP: 142/142 MP: 12/12
 18643 | D:14     | Noticed Agnes
 18667 | D:14     | Killed Agnes
 18754 | D:14     | Found a snail-covered altar of Cheibriados.
 18764 | D:14     | Found Xulit's Armour Shop.
 18921 | D:14     | Noticed Sonja
 18923 | D:14     | Noticed Sonja
 18923 | D:14     | Sonja changed into Sonja the ogre
 18928 | D:14     | Killed Sonja the ogre
 19115 | D:15     | Entered Level 15 of the Dungeon
 19219 | D:15     | Noticed Josephine
 19246 | D:15     | Killed Josephine
 20170 | D:15     | Noticed a sphinx
 20171 | D:15     | Found the +10 Black Knight's horse barding {ponderous, rPois rN+}
 20185 | D:15     | Killed a sphinx
 20252 | D:15     | Identified a +0 pair of boots of running (You found it on level 15 of the Dungeon)
 20397 | D:15     | Found a staircase to the Depths.
 20654 | Spider:1 | Entered Level 1 of the Spider Nest
 20899 | Spider:1 | Noticed Nikola
 20926 | Spider:1 | Killed from afar by Nikola

Vault maps used:
D:1:      minmay_arrival_solitary_statue, nrook_loot_triangle
D:2:      nrook_uturn
D:3:      grunt_temple_overflow_champion_of_chaos,
          grunt_temple_overflow_forces_of_nature,
          nicolae_gozag_cash_rules_everything_around_me
D:4:      nicolae_dithmenos_shadow_blocks, serial_shops, shop, first_ration,
          nicolae_ossuary_entry_ruins, corexii_item_surrounded_by_moat
D:5:      minmay_temple_entry_trees, uniq_eustachio
D:6:      serial_shops, shop, minmay_lizard_king
D:8:      basic_altar
D:9:      elyvilon_altar_5
D:11:     kennysheep_seaside_town, david_lair_shrubbed, enter_bailey_2,
          serial_shops, shop, kennysheep_mini_moat, shop, kennysheep_mini,
          nicolae_shop_window_shopping
D:12:     zombieorc2_lemuel, uniq_kirke
D:13:     david_vaults_5, serial_shops, shop, the_bakery,
          einodemon_armed_red_devil_minivault, uniq_azrael
D:14:     serial_shops, nicolae_shop_window_shopping, cheibriados_altar_1,
          uniq_sonja, uniq_agnes
D:15:     grunt_enter_depths_hoard, minmay_evil_grid, uniq_josephine
Lair:2:   fungi_pond_lemuel, uniq_erica, uniq_urug
Lair:3:   shoals_dummy_entry, portal_ice_cave_entry_pillars_2
Lair:4:   spider_nest_entry_rubble, serial_bayou_lagoon_a, st_stairs_7
Lair:5:   nicolae_volcano_entry_s_turn, grunt_megastairs_3
Lair:6:   guppyfry_lair_end_dragon, slime_altar_1
Spider:1: uniq_louise, uniq_nikola
Orc:1:    basic_altar
Orc:2:    st_orc_town
Ossuary:  ossuary_zaba_flooded
Bailey:   bailey_axe_3, bailey
IceCv:    ice_cave_statue_garden_chambered
Volcano:  volcano_village

Skill      XL: |  1  2  3  4  5  6  7  8  9 10 11 12 13 14 15 |
---------------+----------------------------------------------+-----
Dodging        | 1 2 3 4 5 6 8 9 10 11 12 13 | 13.8
Fighting       | 3 4 5 6 7 8 9 10 11 12 | 12.1
Axes           | 3 4 5 7 8 9 10 12 13 | 13.8
Shields        | 4 5 6 7 8 9 11 12 13 14 | 14.0
Armour         | 4 5 6 7 8 10 11 12 13 14 | 14.1
Invocations    | 1 3 5 6 |  6.0

Action                   |  1- 3 |  4- 6 |  7- 9 | 10-12 | 13-15 || total
-------------------------+-------+-------+-------+-------+-------++-------
Melee: War axe           |   175 |   300 |   206 |     2 |    69 ||   752
       Spear             |       |       |   295 |  1088 |  2301 ||  3684
       Unarmed           |       |       |       |       |     5 ||     5
 Fire: Hunting sling     |       |       |    20 |       |       ||    20
 Abil: Heal Wounds       |     1 |     5 |     8 |     6 |    18 ||    38
Evoke: Wand              |       |       |       |     8 |     4 ||    12
  Use: Scroll            |       |       |    17 |    11 |    10 ||    38
       Potion            |       |       |     1 |     1 |     5 ||     7
  Eat: Chunk             |     1 |     5 |    11 |    24 |    34 ||    75
       Ration            |       |       |       |     1 |       ||     1
Armor: Scale mail        |   111 |   144 |    46 |       |       ||   301
       Chain mail        |       |       |   115 |   324 |   791 ||  1230
Dodge: Dodged            |    73 |    70 |    92 |   228 |   637 ||  1100
Block: Shield            |   110 |     6 |       |       |       ||   116
       Large shield      |       |   242 |   399 |   901 |  2073 ||  3615

Table legend:
 A = Spawn XP
 B = Non-spawn XP
 C = Spawn XP percentage of total XP
 D = Spawn monster count
 E = Non-spawn monster count
 F = Spawn count percentage of total count
 G = Total turns spent on level
                    A         B        C        D         E        F      G
               +---------+---------+-------+---------+---------+-------+---------
         Total |       0 |  149580 |   0.0 |       0 |     925 |   0.0 | 20926
               +---------+---------+-------+---------+---------+-------+---------
           D:1 |       0 |      57 |   0.0 |       0 |      31 |   0.0 |   655
           D:2 |       0 |      82 |   0.0 |       0 |      28 |   0.0 |   925
           D:3 |       0 |     315 |   0.0 |       0 |      39 |   0.0 |   893
           D:4 |       0 |     438 |   0.0 |       0 |      15 |   0.0 |   741
           D:5 |       0 |     463 |   0.0 |       0 |      15 |   0.0 |   322
           D:6 |       0 |    1138 |   0.0 |       0 |      36 |   0.0 |   632
           D:7 |       0 |     929 |   0.0 |       0 |      21 |   0.0 |   407
           D:8 |       0 |    1605 |   0.0 |       0 |      19 |   0.0 |   799
           D:9 |       0 |    1736 |   0.0 |       0 |      24 |   0.0 |   792
          D:10 |       0 |    4866 |   0.0 |       0 |      38 |   0.0 |   700
          D:11 |       0 |    5937 |   0.0 |       0 |      64 |   0.0 |  1581
          D:12 |       0 |    7299 |   0.0 |       0 |      66 |   0.0 |   846
          D:13 |       0 |   14414 |   0.0 |       0 |      52 |   0.0 |  1220
          D:14 |       0 |   11297 |   0.0 |       0 |      25 |   0.0 |   876
          D:15 |       0 |   28863 |   0.0 |       0 |      61 |   0.0 |  1341
        Lair:1 |       0 |    3779 |   0.0 |       0 |      20 |   0.0 |   867
        Lair:2 |       0 |    9001 |   0.0 |       0 |      31 |   0.0 |   881
        Lair:3 |       0 |     933 |   0.0 |       0 |       5 |   0.0 |   491
        Lair:4 |       0 |    6758 |   0.0 |       0 |      29 |   0.0 |  1161
        Lair:5 |       0 |    8944 |   0.0 |       0 |      26 |   0.0 |   765
        Lair:6 |       0 |   11730 |   0.0 |       0 |      51 |   0.0 |   969
      Spider:1 |       0 |    8694 |   0.0 |       0 |      20 |   0.0 |   272
         Orc:1 |       0 |    1468 |   0.0 |       0 |      38 |   0.0 |   621
         Orc:2 |       0 |   11452 |   0.0 |       0 |     105 |   0.0 |  1213
       Ossuary |       0 |     726 |   0.0 |       0 |      33 |   0.0 |   344
        Bailey |       0 |     550 |   0.0 |       0 |      15 |   0.0 |   203
         IceCv |       0 |    3228 |   0.0 |       0 |      11 |   0.0 |   206
       Volcano |       0 |    2878 |   0.0 |       0 |       7 |   0.0 |   203
               +---------+---------+-------+---------+---------+-------+---------
